 Dungeon Crawl Stone Soup version 0.31-a0-1616-gbeaec30b81 (webtiles) character file.

Game seed: 13018280187828562564

1460 MisterAzrael the Mimic (level 8, -1/68 HPs)
             Began as a Troll Shapeshifter on Jan 10, 2024.
             Slain by a gnoll
             ... wielding a +3 halberd
             ... led by a gnoll bouda
              (6 damage)
             ... on level 5 of the Dungeon.
             The game lasted 00:04:12 (3524 turns).

MisterAzrael the Mimic (Troll Shapeshifter)         Turns: 3524, Time: 00:04:13

Health: -1/68      AC:  4    Str: 25    XL:     8   Next: 48%
Magic:  7/7        EV:  9    Int:  6    God:
Gold:   176        SH:  0    Dex:  9    Spells: 7/7 levels left

rFire   . .          .
                       - Unarmed
rCold   . . .        (no shield)
rNeg    . . .        a - +0 animal skin
rPois   .            (helmet currently unavailable)
rElec   .            (cloak currently unavailable)
rCorr   .            (gloves unavailable)
SInv    .            (boots unavailable)
Will    .....        (no amulet)
Stlth   +            (no ring)
HPRegen 1.11/turn    (no ring)
MPRegen 0.10/turn

%: no passive effects
@: confused, brilliant, beast-form, ambrosia-drunk
A: beast (slay +4), large, unfitting armour, claws 3, regeneration 1, shaggy fur
1, tough skin 1
a: Begin Untransformation


You were on level 5 of the Dungeon.
You were a hulking beast.
You visited 1 branch of the dungeon, and saw 5 of its levels.

You collected 176 gold pieces.

Inventory:

Armour
 a - a +0 animal skin (worn)
Jewellery
 h - a ring of wizardry
Talismans
 c - a beast talisman
 d - a flux talisman
Wands
 p - a wand of mindburst (13)
Scrolls
 e - 2 scrolls of torment {unknown}
 f - a scroll of revelation {unknown}
 g - 3 scrolls of identify {unknown}
 i - 3 scrolls of fog {unknown}
 l - a scroll of butterflies {unknown}
Potions
 k - a potion of mutation {unknown}
 m - a potion of brilliance
 n - a potion of attraction {unknown}
 o - a potion of degeneration {unknown}


   Skills:
 - Level 0.8 Fighting
 - Level 1.6 Dodging
 + Level 9.1 Unarmed Combat
 * Level 11.3 Shapeshifting


You had 7 spell levels left.
You didn't know any spells.
Your spell library contained the following spells:

 Spells                   Type           Power      Damage    Failure   Level
 Vhi's Electric Charge    Tloc/Air       0%         N/A       99%         4
 Arcjolt                  Conj/Air       0%         1d10      100%        5
 Plasma Beam              Fire/Air       0%         2x1d10    100%        6


Dungeon Overview and Level Annotations

Branches:
Dungeon (5/15)
 Temple: D:4-7

Altars:
Cheibriados
Uskayaw
Yredelemnul

Shops:
D:1 (   D:4 =


Innate Abilities, Weirdness & Mutations

You are a hulking beast.
Your limbs bulge with bestial killing power. (Slay +4)
You are too large for most types of armour.
You have claws for hands.
Your natural rate of healing is unusually fast.
You are covered in fur. (AC +1)
You have tough skin. (AC +1)


Message History

The gnoll attacks as it pursues you!
The gnoll hits you from afar with a +0 spear.
The hound bites you.
The black bear attacks as it pursues you!
The black bear bites you! The black bear completely misses you.
The black bear claws you but does no damage.
The hound bites you but does no damage. The hound bites you.
The gnoll hits you from afar with a +3 halberd!
* * * LOW HITPOINT WARNING * * *
The hound bites you.
* * * LOW HITPOINT WARNING * * *
The gnoll attacks as it pursues you!
The gnoll hits you from afar with a +3 halberd.
* * * LOW HITPOINT WARNING * * *
The hound bites you.
* * * LOW HITPOINT WARNING * * *
The hound attacks as it pursues you! The hound barely misses you.
It was a potion of ambrosia.
You are confused.
You feel invigorated. The hound barely misses you. The gnoll barely misses you.
The hound bites you.
* * * LOW HITPOINT WARNING * * *
The hound barely misses you. The gnoll closely misses you. The hound bites you.
* * * LOW HITPOINT WARNING * * *
The gnoll hits you from afar with a +3 halberd.
* * * LOW HITPOINT WARNING * * *
The hound bites you but does no damage.
You closely miss the hound. The hound bites you.
* * * LOW HITPOINT WARNING * * *
The gnoll hits you from afar with a +3 halberd!
* * * LOW HITPOINT WARNING * * *
You bump into the rock wall.
The hound barely misses you.
The gnoll hits you from afar with a +3 halberd!
* * * LOW HITPOINT WARNING * * *
The hound barely misses you.
You bump into the rock wall.
The hound closely misses you.
The gnoll hits you from afar with a +3 halberd.
You die...

.. .... ... ...
.#...#. #
....#.. # .#...
.#.... # ##...
#.....## #..#
.......# #h#
.......# #h###
...#...#
#########hg.#
..#....#
#........g.##
.......#
#.....g....#
........
#..........#
........
#.......)..# ##
###.###.
####.....####..
#.#...
##.......#...
#.#.#.


You could see a black bear, a hound and 2 gnolls.

Vanquished Creatures
  Grinder (D:3)
  2 black bears (D:4)
  3 scorpions (D:4)
  The ghost of michknight7 the Firebug, a weakling DrFE (D:3)
  A hound (D:4)
  Jessica (D:3)
  2 gnoll boudas
  An orc wizard (D:4)
  Natasha (thrice) (D:3)
  A sleepcap (D:4)
  6 gnolls
  5 adders
  3 ribbon worms
  2 dart slugs
  7 orcs (D:4)
  7 bats
  7 endoplasms
  2 giant cockroaches
  7 goblins
  7 hobgoblins
  2 jackals (D:2)
  4 quokkas
  8 ball pythons
  5 frilled lizards (D:1)
  7 kobolds
  5 rats
100 creatures vanquished.

Notes
Turn   | Place    | Note
-------+----------+-------------------------------------------
     0 | D:1      | MisterAzrael the Troll Shapeshifter began the quest for the
                  | Orb.
     0 | D:1      | Reached XP level 1. HP: 18/18 MP: 0/0
   178 | D:1      | Reached XP level 2. HP: 24/26 MP: 1/1
   418 | D:1      | Found Nuhywaen's Antique Weapon Shop.
   590 | D:1      | Reached XP level 3. HP: 32/32 MP: 2/2
  1048 | D:2      | Reached skill level 4 in Shapeshifting
  1131 | D:2      | Found a snail-covered altar of Cheibriados.
  1292 | D:2      | Reached XP level 4. HP: 35/40 MP: 3/3
  1442 | D:3      | Found a basalt altar of Yredelemnul.
  1562 | D:3      | Noticed Grinder
  1578 | D:3      | Paralysed by Grinder for 3 turns
  1582 | D:3      | Killed Grinder
  1583 | D:3      | Reached skill level 5 in Shapeshifting
  1583 | D:3      | Reached XP level 5. HP: 18/46 MP: 4/4
  1583 | D:3      | Reached XP level 6. HP: 21/54 MP: 5/5
  1639 | D:3      | Noticed Jessica
  1646 | D:3      | Killed Jessica
  1705 | D:3      | Found a runed translucent gate.
  1705 | D:3      | Found a runed translucent gate.
  1706 | D:3      | Found a runed translucent gate.
  1707 | D:3      | Noticed michknight7's ghost (weakling DrFE)
  1794 | D:3      | Noticed Natasha
  1802 | D:3      | Killed Natasha
  1920 | D:3      | Noticed Natasha
  1926 | D:3      | Killed Natasha
  2071 | D:3      | Noticed Natasha
  2080 | D:3      | Killed Natasha
  2216 | D:3      | Killed michknight7's ghost
  2217 | D:3      | Reached skill level 5 in Unarmed Combat
  2365 | D:4      | Reached skill level 6 in Shapeshifting
  2405 | D:4      | Reached skill level 11 in Shapeshifting
  2405 | D:4      | Reached XP level 7. HP: 20/61 MP: 6/6
  2466 | D:4      | Reached XP level 8. HP: 28/68 MP: 7/7
  2680 | D:4      | Found a hide-covered altar of Uskayaw.
  2734 | D:4      | Found Leax's Jewellery Shop.
  3405 | D:5      | Entered Level 5 of the Dungeon
  3523 | D:5      | HP: 1/68 [gnoll/+3 halberd[a gnoll bouda] (12)]
  3524 | D:5      | Slain by a gnoll

Illustrated notes

Levels and vault maps discovered:
D:1:      scummos_arrival_simple_fountains, layout_loops_ring, serial_shops,
          shop, nicolae_concentric_dashed_squares_mild,
          minmay_misc_feat_columns, minmay_door_square,
          wad_floor_pattern_untrapped, minmay_fountain_box,
          amcnicky_mini_pool_small, minmay_shallow_snake_nest
D:2:      minmay_wonky_spiral, layout_basic, basic_altar
D:3:      layout_basic, mainiacjoe_overflow_boulevard,
          ebering_ghost_rock_garden, uniq_jessica, uniq_grinder, uniq_natasha
D:4:      layout_basic, eat_drink_and_be_merry_uskayaw, serial_shops,
          nicolae_shop_tiny_real_fake_doors
D:5:      layout_rooms, temple_hall, hangedman_decor_opposing

Skill      XL: |  1  2  3  4  5  6  7  8 |
---------------+-------------------------+-----
Shapeshifting  | 4 5 11 | 11.3
Unarmed Combat | 4 8 9 |  9.1
Fighting       | |  0.8
Dodging        | |  1.6

Action                     |  1- 3 |  4- 6 |  7- 9 || total
---------------------------+-------+-------+-------++-------
  Melee: Unarmed           |   110 |    88 |    78 ||   276
         Punch             |     2 |       |     1 ||     3
    Use: Potion            |       |     2 |     4 ||     6
   Stab: Sleeping          |     1 |       |       ||     1
 Armour: Animal skin       |    71 |    70 |    88 ||   229
         Skin              |       |       |    36 ||    36
  Dodge: Dodged            |    51 |    34 |    57 ||   142

Table legend: (Time is in decaauts)
 A = Elapsed time spent in this place.
 B = Non-inter-level travel time spent in this place.
 C = Inter-level travel time spent in this place.
 D = Time resting spent in this place.
 E = Time spent auto-exploring this place.
 F = Levels seen in this place.
 G = Mean time per level.
                   A        B        C        D        E       F      G
               +--------+--------+--------+--------+--------+-----+--------+
         Total |   3496 |   3402 |     94 |    167 |   2580 |   5 |  699.2 |
       Dungeon |   3496 |   3402 |     94 |    167 |   2580 |   5 |  699.2 |
               +--------+--------+--------+--------+--------+-----+--------+

Top non-repeatable levels by time:
     D:4: 1138 daAuts
     D:1: 915 daAuts
     D:3: 859 daAuts
     D:2: 466 daAuts
     D:5: 117 daAuts
